 Dungeon Crawl Stone Soup version 0.28-a0-793-g31680bbd8b (webtiles) character file.

Game seed: 9633305045247333057

53 gimp the Chopper (level 3, 0/29 HPs)
             Began as a Demonspawn Cinder Acolyte on Nov 3, 2021.
             Was a High Priest of Ignis.
             Slain by a scorpion (5 damage)
             ... on level 2 of the Dungeon.
             The game lasted 00:01:54 (2454 turns).

gimp the Chopper (Demonspawn Cinder Acolyte)        Turns: 2454, Time: 00:01:54

Health: 0/29       AC: 10    Str: 15    XL:     3   Next: 62%
Magic:  4/4        EV:  3    Int: 15    God:    Ignis [*****.]
Gold:   92         SH:  0    Dex:  8    Spells: 4/4 levels left

rFire   + . .      SeeInvis .   a - -1 hand axe (flame)
rCold   . . .      Faith    .   (no shield)
rNeg    . . .      Spirit   .   m - +0 plate armour
rPois   .          Reflect  .   (no helmet)
rElec   .          Harm     .   (no cloak)
rCorr   .          Rampage  .   (no gloves)
Will    .....                   (no boots)
Stlth   ..........              (no amulet)
HPRegen 0.09/turn               (no ring)
MPRegen 0.09/turn               (no ring)

@: no status effects
A: ignite blood 1
a: Renounce Religion, Sea of Fire, Foxfire Swarm, Rising Flame


You were on level 2 of the Dungeon.
You worshipped Ignis.
Ignis was extremely pleased with you.
You visited 1 branch of the dungeon, and saw 2 of its levels.

You collected 92 gold pieces.

Inventory:

Hand Weapons
 a - a -1 hand axe of flaming (weapon)
Armour
 b - a +0 robe
 m - a +0 plate armour (worn)
Scrolls
 d - a scroll of vulnerability {unknown}
 e - 2 scrolls of identify {unknown}
 g - a scroll of torment {unknown}
 i - a scroll of amnesia {unknown}
 j - a scroll of brand weapon {unknown}
 n - a scroll of holy word {unknown}
Potions
 c - a potion of cancellation {unknown}
 f - a potion of lignification {unknown}
 h - a potion of haste {unknown}
 l - a potion of heal wounds


   Skills:
 - Level 3.0 Fighting
 * Level 4.2 Axes
 - Level 1.0 Spellcasting
 - Level 2.6 Fire Magic


You had 4 spell levels left.
You didn't know any spells.
Your spell library contained the following spells:

 Spells                   Type           Power      Damage    Failure   Level
 Scorch                   Fire           16%        2d6       100%        2


Dungeon Overview and Level Annotations

Branches:
Dungeon (2/15)

Altars:


Innate Abilities, Weirdness & Mutations

Your demonic aura sometimes causes spilled blood to erupt in flames.


Message History

The scorpion barely misses you.
You take 8 damage, and have 21/29 hp.
MASSIVE DAMAGE!!
You hit the scorpion but do no damage.
The scorpion stings you but does no damage.
You hit the scorpion but do no damage.
The scorpion stings you but does no damage.
You hit the scorpion. You burn the scorpion.
The scorpion is moderately wounded.
The scorpion stings you but does no damage.
You hit the scorpion but do no damage.
The scorpion is moderately wounded.
The scorpion stings you but does no damage.
The scorpion stings you!
You take 8 damage, and have 14/29 hp.
MASSIVE DAMAGE!!
You are too injured to fight recklessly!
You are too injured to fight recklessly!
You are too injured to fight recklessly!
There is a large open door here.
The scorpion stings you.
There is a large open door here.
You take 2 damage, and have 12/29 hp.
You closely miss the scorpion.
The scorpion is lightly wounded.
The scorpion stings you.
* * * LOW HITPOINT WARNING * * *
You take 4 damage, and have 8/29 hp.
You hit the scorpion but do no damage.
The scorpion is lightly wounded.
The scorpion stings you but does no damage.
You closely miss the scorpion.
The scorpion is lightly wounded.
The scorpion stings you.
* * * LOW HITPOINT WARNING * * *
You take 1 damage, and have 7/29 hp.
You slash the scorpion! You burn the scorpion.
The scorpion is severely wounded.
The scorpion stings you.
* * * LOW HITPOINT WARNING * * *
The scorpion stings you.
You die...

######### #.......##
#........# #........#
#........# #........#
#.#####s## . #.#
###@######.. #.#
#.........# #.#
#.........# #.#
#.........#
##########.###.........#
#.
#............'.........#
#.
#.#####....###.........#
#. #.##.# #.........# #.
#.##.# ########### #.


You could see a scorpion.

Vanquished Creatures
  An adder (D:2)
  3 worms (D:2)
  2 dart slugs
  5 bats
  3 endoplasms
  A giant cockroach (D:1)
  A hobgoblin (D:2)
  2 kobolds
  A quokka (D:1)
  6 ball pythons
  3 frilled lizards
  A goblin (D:2)
  4 rats (D:1)
33 creatures vanquished.

Notes
Turn   | Place    | Note
-------+----------+-------------------------------------------
     0 | D:1      | gimp the Demonspawn Cinder Acolyte began the quest for the
                  | Orb.
     0 | D:1      | Reached XP level 1. HP: 18/18 MP: 2/2
   326 | D:1      | Reached skill level 3 in Axes
   468 | D:1      | Gained mutation: Your demonic aura sometimes causes spilled
                  | blood to erupt in flames. [demonic ancestry]
   468 | D:1      | Reached XP level 2. HP: 22/24 MP: 3/3
  1518 | D:2      | Reached XP level 3. HP: 18/29 MP: 4/4
  1659 | D:2      | Reached skill level 4 in Axes
  2440 | D:2      | Noticed a scorpion
  2454 | D:2      | Slain by a scorpion

Illustrated notes

Levels and vault maps discovered:
D:1:      shiori_shiawase, layout_loops_cross
D:2:      layout_basic

Skill      XL: |  1  2  3 |
---------------+----------+-----
Axes           | 3 4 |  4.2
Fighting       | |  3.0
Spellcasting   | |  1.0
Fire Magic     | |  2.6

Action                   || total
-------------------------++-------
Melee: Hand axe          ||   137
  Use: Potion            ||     2
Armor: Scale mail        ||    18
       Robe              ||     3
       Plate armour      ||    51
Dodge: Dodged            ||    35

Table legend: (Time is in decaauts)
 A = Elapsed time spent in this place.
 B = Non-inter-level travel time spent in this place.
 C = Inter-level travel time spent in this place.
 D = Time resting spent in this place.
 E = Time spent auto-exploring this place.
 F = Levels seen in this place.
 G = Mean time per level.
                   A        B        C        D        E       F      G
               +--------+--------+--------+--------+--------+-----+--------+
         Total |   2485 |   2429 |     56 |      0 |   2084 |   2 | 1242.5 |
       Dungeon |   2485 |   2429 |     56 |      0 |   2084 |   2 | 1242.5 |
               +--------+--------+--------+--------+--------+-----+--------+

Top non-repeatable levels by time:
     D:2: 1346 daAuts
     D:1: 1139 daAuts
